PCL
WALLA WALLA ALL-STARS @ SAN JOSE MISSIONS
04/05/2023
 
TOP OF THE 1ST
Walla Walla All-Stars batting - Pitching for San Jose Missions : RHP Jeff Campbell
Pitching: RHP Jeff Campbell
Batting: RHB Daniel Guerrero 0-0: Ball
1-0: Ball
2-0: Ground out 4-3 (Groundball, 4M)
Batting: SHB Sean Carr 0-0: Called Strike
0-1: Swinging Strike
0-2: Ball
1-2: Ball
2-2: Ground out U3 (Groundball, 3S)
Batting: RHB Lorenzo Morín 0-0: Called Strike
0-1: Called Strike
0-2: Foul Ball, location: 2F
0-2: Foul Ball, location: 2F
0-2: Ball
1-2: Ball
2-2: Ground out 4-3 (Groundball, 4)
Top of the 1st over - 0 run(s), 0 hit(s), 0 error(s), 0 left on base; Walla Walla 0 - San Jose 0
BOTTOM OF THE 1ST
San Jose Missions batting - Pitching for Walla Walla All-Stars : RHP Chris Sullivan
Pitching: RHP Chris Sullivan
Batting: RHB Peyton Pennington 0-0: Ball
1-0: Ball
2-0: Ball
3-0: Called Strike
3-1: Foul Ball, location: 2F
3-2: Strikes out looking
Batting: LHB Mel Jones 0-0: Ground out 5-3 (Groundball, 56S)
Batting: RHB Ed Starr 0-0: Ball
1-0: Ball
2-0: Called Strike
2-1: Ball
3-1: Foul Ball, location: 2F
3-2: Base on Balls
Batting: RHB Chang-geun Kim 0-0: Ground out 5-3 (Groundball, 5L)
Bottom of the 1st over - 0 run(s), 0 hit(s), 0 error(s), 1 left on base; Walla Walla 0 - San Jose 0
TOP OF THE 2ND
Walla Walla All-Stars batting - Pitching for San Jose Missions : RHP Jeff Campbell
Batting: RHB Claudio Guerra 0-0: Swinging Strike
0-1: Swinging Strike
0-2: Strikes out swinging
Batting: LHB Keith Beard 0-0: Called Strike
0-1: Foul Ball, location: 2F
0-2: Foul Ball, location: 2F
0-2: Ball
1-2: Ball
2-2: Ball
3-2: Strikes out swinging
Batting: RHB Pablo Lucero 0-0: Ball
1-0: Ball
2-0: Ball
3-0: Called Strike
3-1: Called Strike
3-2: Base on Balls
Batting: RHB Leslie Penn 0-0: Ball
1-0: Called Strike
1-1: Ball
2-1: Foul Ball, location: 2F
2-2: Ball
3-2: Base on Balls
Pablo Lucero to second
Batting: RHB Carlos García 0-0: Ball
1-0: Foul Ball, location: 2F
1-1: Ball
2-1: Foul Ball, location: 2F
2-2: Ground out 1-3 (Groundball, 13S)
Top of the 2nd over - 0 run(s), 0 hit(s), 0 error(s), 2 left on base; Walla Walla 0 - San Jose 0
BOTTOM OF THE 2ND
San Jose Missions batting - Pitching for Walla Walla All-Stars : RHP Chris Sullivan
Batting: LHB Raúl García 0-0: Ball
1-0: Called Strike
1-1: Ground out 4-3 (Groundball, 4)
Batting: RHB Cal Keys 0-0: Ball
1-0: Foul Ball, location: 2F
1-1: Called Strike
1-2: Foul Ball, location: 2F
1-2: Ball
2-2: Strikes out swinging
Batting: LHB Félix García 0-0: Foul Ball, location: 2F
0-1: Ball
1-1: Ball
2-1: Ball
3-1: Foul Ball, location: 2F
3-2: Base on Balls
Batting: RHB Goro Tanabe 0-0: Ball
Félix García is caught stealing 2nd base
Bottom of the 2nd over - 0 run(s), 0 hit(s), 0 error(s), 0 left on base; Walla Walla 0 - San Jose 0
TOP OF THE 3RD
Walla Walla All-Stars batting - Pitching for San Jose Missions : RHP Jeff Campbell
Batting: RHB Pablo Castillo 0-0: Swinging Strike
0-1: Ball
1-1: SINGLE (Flyball, 78S)
Batting: RHB Daniel Guerrero 0-0: Swinging Strike
0-1: SINGLE (Groundball, 34S)
Pablo Castillo to second
Runner from 2nd tries for 3rd, SAFE, throw made to third
Daniel Guerrero to second
Batting: SHB Sean Carr 0-0: Ball
Error on foul ball, E2
1-1: Ball
2-1: Ground out 6-3 (Groundball, 6M)
Pablo Castillo scores
Daniel Guerrero to third
Batting: RHB Lorenzo Morín 0-0: Fly out, F9 (Flyball, 89S)
Batting: RHB Claudio Guerra 0-0: Ball
1-0: Called Strike
1-1: Ball
2-1: Fly out, F9 (Flyball, 89XD)
Top of the 3rd over - 1 run(s), 2 hit(s), 1 error(s), 1 left on base; Walla Walla 1 - San Jose 0
BOTTOM OF THE 3RD
San Jose Missions batting - Pitching for Walla Walla All-Stars : RHP Chris Sullivan
Batting: RHB Goro Tanabe 0-0: Called Strike
0-1: Called Strike
0-2: Fly out, F7 (Flyball, 7M)
Batting: RHB Stéphane Lambert 0-0: Swinging Strike
0-1: Swinging Strike
0-2: Strikes out swinging
Batting: RHB Peyton Pennington 0-0: SINGLE (Groundball, 6MD) (infield hit)
Batting: LHB Mel Jones 0-0: Fly out, F5 (Popup, 5F)
Bottom of the 3rd over - 0 run(s), 1 hit(s), 0 error(s), 1 left on base; Walla Walla 1 - San Jose 0
TOP OF THE 4TH
Walla Walla All-Stars batting - Pitching for San Jose Missions : RHP Jeff Campbell
Batting: LHB Keith Beard 0-0: Ball
1-0: Ball
2-0: Ground out 4-3 (Groundball, 4)
Batting: RHB Pablo Lucero 0-0: Called Strike
0-1: Swinging Strike
0-2: Foul Ball, location: 2F
0-2: SINGLE (Line Drive, 6M)
Batting: RHB Leslie Penn 0-0: Ball
1-0: Ball
2-0: Foul Ball, location: 2F
2-1: Ball
3-1: Base on Balls
Pablo Lucero to second
Batting: RHB Carlos García 0-0: Foul Ball, location: 2F
0-1: Swinging Strike
0-2: Foul Ball, location: 2F
0-2: Ball
1-2: Ball
2-2: Strikes out swinging
Batting: RHB Pablo Castillo 0-0: Ball
1-0: Swinging Strike
1-1: Ball
2-1: Foul Ball, location: 2F
2-2: Fly out, F6 (Line Drive, 6)
Top of the 4th over - 0 run(s), 1 hit(s), 0 error(s), 2 left on base; Walla Walla 1 - San Jose 0
BOTTOM OF THE 4TH
San Jose Missions batting - Pitching for Walla Walla All-Stars : RHP Chris Sullivan
Batting: RHB Ed Starr 0-0: Foul Ball, location: 2F
0-1: DOUBLE (Line Drive, 5D)
Batting: RHB Chang-geun Kim 0-0: Called Strike
0-1: Foul Ball, location: 2F
0-2: Ground out 1-3 (Groundball, 13)
Ed Starr to third
Batting: LHB Raúl García 0-0: Ball
1-0: Foul Ball, location: 2F
1-1: Swinging Strike
1-2: Foul Ball, location: 2F
1-2: Ground out 4-3 (Groundball, 4M)
Ed Starr scores
Batting: RHB Cal Keys 0-0: Ball
1-0: Called Strike
1-1: Ball
2-1: Called Strike
2-2: Ball
3-2: Base on Balls
Batting: LHB Félix García 0-0: Ball
1-0: Foul Ball, location: 2F
1-1: Swinging Strike
1-2: SINGLE (Groundball, 34D)
Cal Keys to second
Runner from 2nd tries for 3rd, SAFE, no throw or cutoff
Batting: RHB Goro Tanabe 0-0: Ball
1-0: Ball
2-0: Foul Ball, location: 2F
2-1: Ball
3-1: Ground out 6-3 (Groundball, 6)
Bottom of the 4th over - 1 run(s), 2 hit(s), 0 error(s), 2 left on base; Walla Walla 1 - San Jose 1
TOP OF THE 5TH
Walla Walla All-Stars batting - Pitching for San Jose Missions : RHP Jeff Campbell
Batting: RHB Daniel Guerrero 0-0: Ball
1-0: Ball
2-0: Ball
3-0: Called Strike
3-1: Called Strike
3-2: Foul Ball, location: 2F
3-2: SINGLE (Groundball, 4M)
Batting: SHB Sean Carr 0-0: Ball
Passed Ball!
Daniel Guerrero to second
1-0: Foul Ball, location: 2F
1-1: Foul Ball, location: 2F
1-2: Foul Ball, location: 2F
1-2: Fly out, F7 (Flyball, 78M)
Batting: RHB Lorenzo Morín 0-0: Ball
Daniel Guerrero is caught stealing 3rd base
1-0: Called Strike
1-1: Foul Ball, location: 2F
1-2: Ball
2-2: Ground out 4-3 (Groundball, 4S)
Top of the 5th over - 0 run(s), 1 hit(s), 0 error(s), 0 left on base; Walla Walla 1 - San Jose 1
BOTTOM OF THE 5TH
San Jose Missions batting - Pitching for Walla Walla All-Stars : RHP Chris Sullivan
Batting: RHB Stéphane Lambert 0-0: Bunt missed!
0-1: Foul Ball, location: 2F
0-2: Ball
1-2: Ball
2-2: Ball
3-2: Foul Ball, location: 2F
3-2: Foul Ball, location: 2F
3-2: Base on Balls
Batting: RHB Peyton Pennington 0-0: Swinging Strike
0-1: Called Strike
0-2: Strikes out swinging
Batting: LHB Mel Jones 0-0: Ball
1-0: Ball
2-0: Called Strike
2-1: Foul Ball, location: 2F
2-2: Foul Ball, location: 2F
2-2: Foul Ball, location: 2F
2-2: Strikes out swinging
Batting: RHB Ed Starr 0-0: Ball
1-0: Ball
2-0: Called Strike
2-1: Ball
3-1: Called Strike
3-2: Foul Ball, location: 2F
3-2: Ground out 5-3 (Groundball, 56S)
Bottom of the 5th over - 0 run(s), 0 hit(s), 0 error(s), 1 left on base; Walla Walla 1 - San Jose 1
TOP OF THE 6TH
Walla Walla All-Stars batting - Pitching for San Jose Missions : RHP Jeff Campbell
Batting: RHB Claudio Guerra 0-0: Foul Ball, location: 2F
0-1: Ground out 6-3 (Groundball, 6)
Batting: LHB Keith Beard 0-0: Called Strike
0-1: Swinging Strike
0-2: DOUBLE (Line Drive, 89M)
Batting: RHB Pablo Lucero 0-0: Ball
1-0: Ball
2-0: Called Strike
2-1: Ball
3-1: Base on Balls
Batting: RHB Leslie Penn 0-0: Ball
1-0: Ball
2-0: SINGLE (Groundball, 4D)
Keith Beard to third
Pablo Lucero to second
Runner from 3rd tries for Home, SAFE, throw made home
Pablo Lucero to third
Leslie Penn to second
Batting: RHB Carlos García 0-0: Ball
1-0: Ball
2-0: Called Strike
2-1: Ball
3-1: Ground out 4-3 (Groundball, 4)
Batting: RHB Pablo Castillo 0-0: Swinging Strike
0-1: Fly out, F9 (Flyball, 89M)
Top of the 6th over - 1 run(s), 2 hit(s), 0 error(s), 2 left on base; Walla Walla 2 - San Jose 1
BOTTOM OF THE 6TH
San Jose Missions batting - Pitching for Walla Walla All-Stars : RHP Chris Sullivan
Batting: RHB Chang-geun Kim 0-0: Swinging Strike
0-1: Ball
1-1: Ball
2-1: Fly out, F4 (Popup, 4M)
Batting: LHB Raúl García 0-0: Fly out, F8 (Line Drive, 8LM)
Batting: RHB Cal Keys 0-0: Ball
1-0: Swinging Strike
1-1: Called Strike
1-2: Ball
2-2: Ball
3-2: Foul Ball, location: 2F
3-2: Base on Balls
Pitching: RHP Arturo Martínez
Batting: LHB Félix García 0-0: Ground out 3-1 (Groundball, 34)
Bottom of the 6th over - 0 run(s), 0 hit(s), 0 error(s), 1 left on base; Walla Walla 2 - San Jose 1
TOP OF THE 7TH
Walla Walla All-Stars batting - Pitching for San Jose Missions : RHP Jeff Campbell
Batting: RHB Daniel Guerrero 0-0: Ball
1-0: Ball
2-0: Ball
3-0: Called Strike
3-1: Swinging Strike
3-2: Foul Ball, location: 2F
3-2: Base on Balls
Batting: SHB Sean Carr 0-0: Bunted foul
0-1: Ball
1-1: Ball
2-1: Bunted foul
2-2: Foul Ball, location: 2F
2-2: SINGLE (Groundball, 34)
Daniel Guerrero to second
Runner from 2nd tries for 3rd, SAFE, throw made to third
Pitching: RHP Gabriel Moore
Batting: RHB Lorenzo Morín Pickoff Throw to First - Error! E1
Daniel Guerrero scores
Sean Carr to second
0-0: Fly out, F9 (Flyball, 9LD)
Runner from 2nd tags up, SAFE at 3rd, no throw
Batting: RHB Claudio Guerra 0-0: Swinging Strike
0-1: Ground out U3 (Groundball, 3S)
Batting: LHB Keith Beard 0-0: Ball
1-0: Ground out 4-3 (Groundball, 13)
Top of the 7th over - 1 run(s), 1 hit(s), 1 error(s), 1 left on base; Walla Walla 3 - San Jose 1
BOTTOM OF THE 7TH
San Jose Missions batting - Pitching for Walla Walla All-Stars : RHP Arturo Martínez
Batting: RHB Goro Tanabe 0-0: Fly out, F8 (Flyball, 8RM)
Batting: RHB Stéphane Lambert 0-0: Ball
1-0: Foul Ball, location: 2F
1-1: Foul Ball, location: 2F
1-2: Ground out 1-3 (Groundball, 13S)
Batting: RHB Peyton Pennington 0-0: Foul Ball, location: 2F
0-1: Swinging Strike
0-2: Foul Ball, location: 2F
0-2: Strikes out swinging
Bottom of the 7th over - 0 run(s), 0 hit(s), 0 error(s), 0 left on base; Walla Walla 3 - San Jose 1
TOP OF THE 8TH
Walla Walla All-Stars batting - Pitching for San Jose Missions : RHP Gabriel Moore
Batting: RHB Pablo Lucero 0-0: Ball
1-0: Called Strike
1-1: Foul Ball, location: 2F
1-2: Foul Ball, location: 2F
1-2: Foul Ball, location: 2F
1-2: Foul Ball, location: 2F
1-2: Foul Ball, location: 2F
1-2: Ball
2-2: Foul Ball, location: 2F
2-2: Ball
3-2: Foul Ball, location: 2F
3-2: Base on Balls
Batting: RHB Leslie Penn 0-0: Ball
1-0: Bunt missed!
1-1: Bunt missed!
1-2: Ball
2-2: Reached on error, E1 (Groundball, 13)
Pablo Lucero to second
Batting: RHB Carlos García 0-0: Ball
1-0: Ball
2-0: Grounds into double play, 6-4-3 (Groundball, 6)
Pablo Lucero to third
Pitching: RHP Oliver Meléndez
Batting: RHB Pablo Castillo 0-0: Ball
1-0: Ball
2-0: Ball
3-0: Base on Balls
Pinch Hitting: LHB Salvador Ruíz 0-0: Called Strike
0-1: Foul Ball, location: 2F
0-2: Foul Ball, location: 2F
0-2: Ground out 4-3 (Groundball, 4)
Top of the 8th over - 0 run(s), 0 hit(s), 1 error(s), 2 left on base; Walla Walla 3 - San Jose 1
BOTTOM OF THE 8TH
San Jose Missions batting - Pitching for Walla Walla All-Stars : RHP Arturo Martínez
Now at 1B: Jim Dunbar
Now in LF: Salvador Ruíz
Batting: LHB Mel Jones 0-0: Called Strike
0-1: Foul Ball, location: 2F
0-2: DOUBLE (Line Drive, 7LM)
Pitching: LHP Enrique Muñóz
Batting: RHB Ed Starr 0-0: Ball
1-0: Foul Ball, location: 2F
1-1: Ball
2-1: Ball
3-1: Fly out, F9 (Flyball, 9M)
Runner from 2nd tags up, SAFE at 3rd with throw
Batting: RHB Chang-geun Kim 0-0: Ball
1-0: Swinging Strike
1-1: Swinging Strike
1-2: Ball
2-2: Strikes out looking
Batting: LHB Raúl García 0-0: Ball
1-0: SINGLE (Flyball, 7LS) - OUT at second base trying to stretch hit.
Mel Jones scores
Bottom of the 8th over - 1 run(s), 2 hit(s), 0 error(s), 0 left on base; Walla Walla 3 - San Jose 2
TOP OF THE 9TH
Walla Walla All-Stars batting - Pitching for San Jose Missions : RHP Oliver Meléndez
Batting: SHB Sean Carr 0-0: SINGLE (Line Drive, 7LS)
Batting: RHB Lorenzo Morín 0-0: Called Strike
0-1: Ball
1-1: Foul Ball, location: 2F
1-2: Strikes out swinging
Batting: RHB Claudio Guerra 0-0: Ball
1-0: Called Strike
1-1: SINGLE (Line Drive, 4MD)
Sean Carr to second
Batting: LHB Keith Beard 0-0: Ball
1-0: Ball
Passed Ball!
Sean Carr to third
Claudio Guerra to second
2-0: Intentional Walk
Batting: RHB Pablo Lucero 0-0: Called Strike
0-1: Ball
1-1: Ball
2-1: Ball
3-1: Base on Balls
Sean Carr scores
Claudio Guerra to third
Keith Beard to second
Batting: RHB Leslie Penn 0-0: Ball
1-0: Fly out, F6 (Popup, 6)
Pinch Hitting: LHB Manny Ortíz 0-0: Ball
1-0: Foul Ball, location: 2F
1-1: Ball
2-1: GRAND SLAM HOME RUN (Flyball, 8RXD), Distance : 436 ft
Batting: RHB Pablo Castillo 0-0: Ball
1-0: Foul Ball, location: 2F
1-1: SINGLE (Groundball, 56D)
Batting: LHB Salvador Ruíz 0-0: Ball
1-0: Ball
2-0: Called Strike
2-1: Ball
3-1: Base on Balls
Pablo Castillo to second
Batting: SHB Sean Carr 0-0: Ball
1-0: Called Strike
1-1: Ball
2-1: Swinging Strike
2-2: Ball
3-2: Base on Balls
Pablo Castillo to third
Salvador Ruíz to second
Batting: RHB Lorenzo Morín 0-0: Foul Ball, location: 2F
0-1: Foul Ball, location: 2F
0-2: Foul Ball, location: 2F
0-2: Ball
1-2: GRAND SLAM HOME RUN (Flyball, 78XD), Distance : 424 ft
Pinch Hitting: RHB Luke McIndoe 0-0: Called Strike
0-1: Foul Ball, location: 2F
0-2: Ball
1-2: Strikes out swinging
Top of the 9th over - 9 run(s), 5 hit(s), 0 error(s), 0 left on base; Walla Walla 12 - San Jose 2
BOTTOM OF THE 9TH
San Jose Missions batting - Pitching for Walla Walla All-Stars : LHP Enrique Muñóz
Now at C: Craig Harris
Now at 1B: Luke McIndoe
Batting: RHB Cal Keys 0-0: Foul Ball, location: 2F
0-1: Foul Ball, location: 2F
0-2: Foul Ball, location: 2F
0-2: Ground out 4-3 (Groundball, 4)
Pinch Hitting: RHB Joe Broadhead 0-0: Called Strike
0-1: Ground out 5-3 (Groundball, 5)
Batting: RHB Goro Tanabe 0-0: Ball
1-0: Foul Ball, location: 2F
1-1: SINGLE (Groundball, 6MD)
Batting: RHB Stéphane Lambert 0-0: Called Strike
0-1: Ball
1-1: Called Strike
1-2: Foul Ball, location: 2F
1-2: SINGLE (Groundball, 34D)
Goro Tanabe to second
Runner from 2nd tries for 3rd, SAFE, no throw or cutoff
Batting: RHB Peyton Pennington 0-0: Ball
1-0: Ball
2-0: Foul Ball, location: 2F
2-1: Fly out, F7 (Flyball, 78D)
Bottom of the 9th over - 0 run(s), 2 hit(s), 0 error(s), 2 left on base; Walla Walla 12 - San Jose 2
This league is powered by Out of the Park Baseball, the baseball management simulation game for PC, Mac and Linux
Wednesday, December 2nd, 2015 - OOTP Baseball 16.8 Build 38